 Dungeon Crawl Stone Soup version 0.30.1-9-gdf580d7c3d (webtiles) character file.

Game seed: 10101983819607029880

194 Ijustatesigmund the Digger (level 5, -5/30 HPs)
             Began as a Gargoyle Earth Elementalist on Oct 6, 2023.
             Slain by a wyvern (11 damage)
             ... on level 4 of the Dungeon.
             The game lasted 00:04:51 (3384 turns).

Ijustatesigmund the Digger (GrEE)                   Turns: 3384, Time: 00:04:52

Health: -5/30      AC:  7    Str: 11    XL:     5   Next: 73%
Magic:  1/10       EV: 12    Int: 18    God:
Gold:   194        SH:  0    Dex: 16    Spells: 6/10 levels left

rFire   . . .        g - +0 quarterstaff
rCold   . . .        (shield currently unavailable)
rNeg    + . .        a - +0 robe
rPois   ∞            (no helmet)
rElec   +            (no cloak)
rCorr   .            q - +0 pair of gloves
SInv    .            (no boots)
Will    .....        (no amulet)
Stlth   ++           n - +6 ring of dexterity
HPRegen 0.25/turn    (no ring)
MPRegen 0.12/turn

%: no passive effects
@: mighty, brilliant
A: sickness immunity, AC +4, negative energy resistance 1, electricity
resistance, torment resistance 1, petrification resistance
a: no special abilities


You were on level 4 of the Dungeon.
You visited 1 branch of the dungeon, and saw 4 of its levels.

You collected 194 gold pieces.

Inventory:

Hand Weapons
 g - a +0 quarterstaff (weapon)
Armour
 a - a +0 robe (worn)
 q - a +0 pair of gloves (worn)
Jewellery
 n - a +6 ring of dexterity (left hand)
 p - a +6 ring of intelligence
Wands
 m - a wand of polymorph (6)
Scrolls
 c - 3 scrolls of immolation {unknown}
 f - a scroll of torment {unknown}
 h - 2 scrolls of teleportation {unknown}
 i - a scroll of fog {unknown}
 j - a scroll of vulnerability {unknown}
 k - a scroll of blinking {unknown}
 l - 3 scrolls of identify {unknown}
 r - a scroll of brand weapon {unknown}
 s - a scroll of enchant armour {unknown}
Potions
 b - a potion of magic
 d - a potion of brilliance


   Skills:
 - Level 2.1 Fighting
 - Level 1.5 Dodging
 - Level 2.1 Stealth
 + Level 3.4 Spellcasting
 + Level 2.0 Conjurations
 - Level 0.7 Transmutations
 + Level 5.2 Earth Magic


You had 6 spell levels left.
You knew the following spells:

 Your Spells              Type           Power      Damage    Failure   Level
a - Sandblast             Erth           64%        2d14      1%          1
b - Stone Arrow           Conj/Erth      48%        3d10      11%         3

Your spell library contained the following spells:

 Spells                   Type           Power      Damage    Failure   Level
 Passwall                 Tmut/Erth      16%        N/A       7%          2
 Petrify                  Tmut/Erth      20%        N/A       41%         4
 Portal Projectile        Hex/Tloc       8%         N/A       43%         3
 Summon Guardian Golem    Hex/Summ       4%         N/A       43%         3
 Tukima's Dance           Hex            4%         N/A       43%         3
 Blade Hands              Tmut           4%         N/A       97%         5
 Orb of Destruction       Conj           7%         9d6       100%        7
 Spellforged Servitor     Conj/Summ      5%         N/A       100%        7


Dungeon Overview and Level Annotations

Branches:
Dungeon (4/15)
 Temple: D:4-7

Altars:
Ashenzari
Hepliaklqana
Nemelex Xobeh
Trog
Wu Jian
Zin

Shops:
D:4 [


Innate Abilities, Weirdness & Mutations

You are immune to sickness and miasma.
Your stone body is resilient. (AC +4)
You are immune to poison.
You resist negative energy. (rN+)
You are resistant to electric shocks. (rElec)
You are resistant to unholy torment.
You are immune to petrification.


Message History

Aiming: Stone Arrow (quite dangerous; 11% risk of failure)
Press: ? - help, Shift-Dir - straight line, f/p - wyvern
Aim: a wyvern (moderately wounded, 68% to hit)
The stone arrow hits the wyvern.
The wyvern is moderately wounded.
The wyvern bites you. The wyvern closely misses you.
Unknown command.
You closely miss the wyvern.
The wyvern is moderately wounded.
The wyvern barely misses you. The wyvern bites you!
You are too injured to fight recklessly!
You are too injured to fight recklessly!
It was a potion of brilliance.
You feel clever all of a sudden.
The wyvern bites you but does no damage.
You are too injured to fight recklessly!
You are too injured to fight recklessly!
You are too injured to fight recklessly!
You closely miss the wyvern.
The wyvern is moderately wounded.
The wyvern bites you. The wyvern misses you.
You hit the wyvern.
The wyvern is heavily wounded.
The wyvern bites you!
* * * LOW HITPOINT WARNING * * *
The wyvern bites you but does no damage.
It was a potion of heal wounds.
You feel much better. The wyvern bites you!
Ouch! That really hurt!
* * * LOW HITPOINT WARNING * * *
The wyvern barely misses you.
It was a potion of might.
You feel very mighty all of a sudden. The wyvern misses you.
You hit the wyvern.
The wyvern is severely wounded.
The wyvern completely misses you. The wyvern barely misses you.
You barely miss the wyvern.
The wyvern is severely wounded.
The wyvern bites you!
You die...

.
######.#.##.........~.#
. .#.###.......≈~.# .
.# #.......~~.# . ..
#......~≈..# . #.
##....≈≈≈.##
##.....≈..#
#.........!#
#..........#
#..@..[....#
#..l.......#
#..........#
...........##
..#........##
....########## ###


You could see a wyvern.

Vanquished Creatures
  An orc priest (D:3)
  An orc wizard (D:3)
  Ijyb (D:3)
  4 adders
  A worm (D:2)
  2 dart slugs (D:1)
  4 orcs (D:3)
  5 ball pythons
  5 endoplasms
  A giant cockroach (D:3)
  7 goblins
  6 hobgoblins
  2 quokkas
  8 bats
  2 frilled lizards
  8 kobolds
  11 rats
69 creatures vanquished.

Notes
Turn   | Place    | Note
-------+----------+-------------------------------------------
     0 | D:1      | Ijustatesigmund the Gargoyle Earth Elementalist began the
                  | quest for the Orb.
     0 | D:1      | Reached XP level 1. HP: 10/10 MP: 3/3
   301 | D:1      | Reached XP level 2. HP: 16/16 MP: 0/5
   315 | D:1      | Reached skill level 1 in Fighting
   520 | D:1      | Reached skill level 4 in Earth Magic
   839 | D:1      | Reached XP level 3. HP: 20/20 MP: 3/6
  1847 | D:2      | Reached XP level 4. HP: 26/26 MP: 5/8
  1852 | D:2      | Learned a level 3 spell: Stone Arrow
  2530 | D:3      | Reached skill level 1 in Conjurations
  2581 | D:3      | Noticed Ijyb
  2590 | D:3      | Killed Ijyb
  2591 | D:3      | Reached XP level 5. HP: 30/30 MP: 7/9
  2627 | D:3      | Reached skill level 5 in Earth Magic
  2674 | D:3      | Found a faded altar of an unknown god.
  2847 | D:3      | Found an ornate altar of the Wu Jian Council.
  2892 | D:3      | Found a bloodstained altar of Trog.
  2959 | D:3      | Found a sparkling altar of Nemelex Xobeh.
  2960 | D:3      | Found a glowing silver altar of Zin.
  3107 | D:3      | Found a broken altar of Ashenzari.
  3107 | D:3      | Found a hazy altar of Hepliaklqana.
  3297 | D:4      | Found Gathunul's Armour Emporium.
  3367 | D:4      | Noticed an ogre
  3375 | D:4      | an ogre changed into a wyvern
  3375 | D:4      | Noticed a wyvern
  3380 | D:4      | HP: 1/30 [wyvern (10)]
  3384 | D:4      | Slain by a wyvern

Illustrated notes

Levels and vault maps discovered:
D:1:      giann_bridges, layout_basic, minmay_ruptured
D:2:      layout_loops_cross
D:3:      layout_rooms, lemuel_doored_altar,
          mainiacjoe_overflow_six_doors_small, nicolae_overflow_two_pavilions,
          gammafunk_temple_overflow_statue, shapermc_ecumenical_altar_acropolis,
          uniq_ijyb
D:4:      layout_rooms, minmay_temple_entry_junction_2, serial_shops, shop,
          serial_rivers, chequers_serial_rivers_marsh,
          chequers_serial_rivers_micro_b, chequers_serial_rivers_small_b,
          chequers_serial_rivers_micro_d, chequers_serial_rivers_small_a,
          chequers_serial_rivers_micro_d, minmay_divided_ellipse

Skill      XL: |  1  2  3  4  5 |
---------------+----------------+-----
Fighting       | 1 2 |  2.1
Earth Magic    | 4 5 |  5.2
Spellcasting   | 3 |  3.4
Conjurations   | 1 2 |  2.0
Dodging        | |  1.5
Stealth        | |  2.1
Transmutations | |  0.7

Action                     |  1- 3 |  4- 6 || total
---------------------------+-------+-------++-------
  Melee: Unarmed           |     6 |     6 ||    12
         Quarterstaff      |     1 |    14 ||    15
   Cast: Sandblast         |    51 |    49 ||   100
         Stone Arrow       |       |     3 ||     3
  Evoke: Wand              |       |     1 ||     1
    Use: Potion            |       |     3 ||     3
 Armour: Robe              |     6 |    12 ||    18
  Dodge: Dodged            |    14 |    28 ||    42
